 Dungeon Crawl Stone Soup version 0.31-a0-986-g5e6e4ef867 (webtiles) character file.

Game seed: 8725084111581505573

307 sammy202020 the Trooper (level 6, 39/39 HPs)
             Began as a Gargoyle Berserker on Nov 6, 2023.
             Was a Priest of Trog.
             Quit the game on level 4 of the Dungeon.
             The game lasted 00:05:33 (3425 turns).

sammy202020 the Trooper (Gargoyle Berserker)        Turns: 3425, Time: 00:05:34

Health: 39/39      AC: 14    Str: 20    XL:     6   Next: 40%
Magic:  6/6        EV:  8    Int: 10    God:    Trog [***...]
Gold:   238        SH:  7    Dex:  9    Spells: 5/5 levels left

rFire   . . .        o - +2 mace (venom)
rCold   . . .        b - +3 buckler
rNeg    + . .        m - +0 chain mail
rPois   ∞            (no helmet)
rElec   +            (no cloak)
rCorr   .            k - +0 pair of gloves
SInv    .            (no boots)
Will    .....        (no amulet) Stlth
                     (no ring)
HPRegen 0.26/turn    (no ring)
MPRegen 0.10/turn

%: no passive effects
@: no status effects
A: sickness immunity, AC +4, negative energy resistance 1, electricity
resistance, torment resistance 1, petrification resistance, deterioration 1,
inability to read after injury 1
a: Renounce Religion, Berserk, Trog's Hand


You were on level 4 of the Dungeon.
You worshipped Trog.
Trog was most pleased with you.
You visited 1 branch of the dungeon, and saw 4 of its levels.

You collected 238 gold pieces.

Inventory:

Hand Weapons
 a - a +1 mace
 j - a +0 hand axe
 o - a +2 mace of venom (weapon)
Missiles
 s - a throwing net
Armour
 b - a +3 buckler (worn)
 k - a +0 pair of gloves (worn)
 m - a +0 chain mail (worn)
Jewellery
 q - a ring of fire
Wands
 n - a wand of light (10)
Scrolls
 e - a scroll of noise
Potions
 c - a potion of heal wounds
 d - a potion of curing
 g - a potion of degeneration {unknown}
 h - 2 potions of attraction
 i - a potion of magic {unknown}
 p - 2 potions of lignification {unknown}


   Skills:
 * Level 4.7 Fighting
 * Level 4.3 Maces & Flails
 * Level 3.8 Armour
 + Level 2.3 Dodging
 * Level 2.3 Shields


You had 5 spell levels left.
You didn't know any spells.
Your spell library was empty.

Dungeon Overview and Level Annotations

Branches:
Dungeon (4/15)
 Temple: D:4-7

Altars:
Trog


Innate Abilities, Weirdness & Mutations

You are immune to sickness and miasma.
Your stone body is resilient. (AC +4)
You are immune to poison.
You resist negative energy. (rN+)
You are resistant to electric shocks. (rElec)
You are resistant to unholy torment.
You are immune to petrification.
Your body sometimes deteriorates upon taking damage.
You occasionally lose the ability to read scrolls when taking damage.


Message History

No target in view!
No target in view!
No target in view!
No target in view!
Found a stone staircase leading up.
There is a bloodstained altar of Trog here.
There is a stone staircase leading down here.
A hound comes into view.
You block the hound's attack.
You sock the hound!
The hound is severely wounded.
You block the hound's attack. x2
You sock the hound!
You kill the hound!
Trog accepts your kill.
No target in view!
No target in view!
No target in view!
No target in view!
No target in view!
No target in view!
No target in view!
No target in view!
You now have 229 gold pieces (gained 19).
You now have 238 gold pieces (gained 9).
You open the door.
There is an open door here.
Done exploring.
Done exploring.
Done exploring.
No target in view!
As you read the scroll labelled WEPPEN ZOMYEF, it crumbles to dust.
It is a scroll of enchant armour.
Your +2 buckler glows green for a moment.
As you read the scroll of identify, it crumbles to dust.
f - a potion of mutation You feel extremely strange.
You occasionally lose the ability to read scrolls when taking damage.
You feel yourself wasting away.
Are you sure you want to abandon this character and quit the game? (Confirm with "yes".)

#.#.#...##...
#.#...#.##...
#####'#...#)##...
#.......#.......#
#.......+..=###..
#.......##### ##.
#.......# #.
########.......#
##
#......@.......#
#..............#
#........#######
#........#
#........#
#........#
##########


There were no monsters in sight!

Vanquished Creatures
  A scorpion (D:4)
  A hound (D:4)
  An iguana (D:4)
  An orc wizard (D:4)
  4 gnolls (D:4)
  4 adders
  2 ufetubi (D:4)
  2 worms (D:2)
  2 dart slugs
  9 orcs
  3 bats (D:1)
  2 endoplasms
  3 giant cockroaches
  8 goblins
  9 hobgoblins
  4 kobolds
  3 quokkas
  3 ball pythons
  4 frilled lizards
  8 rats
74 creatures vanquished.

Notes
Turn   | Place    | Note
-------+----------+-------------------------------------------
     0 | D:1      | sammy202020 the Gargoyle Berserker began the quest for the
                  | Orb.
     0 | D:1      | Reached XP level 1. HP: 14/14 MP: 1/1
   191 | D:1      | Reached XP level 2. HP: 18/19 MP: 2/2
   947 | D:2      | Reached XP level 3. HP: 23/23 MP: 3/3
  1020 | D:2      | Reached ** piety under Trog
  2088 | D:3      | Reached XP level 4. HP: 29/29 MP: 4/4
  2516 | D:4      | Noticed a scorpion
  2529 | D:4      | Killed a scorpion
  2530 | D:4      | Reached skill level 1 in Shields
  2530 | D:4      | Reached XP level 5. HP: 33/33 MP: 5/5
  2837 | D:4      | Found a bloodstained altar of Trog.
  2921 | D:4      | Reached XP level 6. HP: 39/39 MP: 6/6
  3013 | D:4      | Reached *** piety under Trog
  3424 | D:4      | Gained mutation: You occasionally lose the ability to read
                  | scrolls when taking damage. [potion of mutation]
  3424 | D:4      | Gained mutation: Your body sometimes deteriorates upon
                  | taking damage. [potion of mutation]
  3425 | D:4      | Quit the game

Illustrated notes

Levels and vault maps discovered:
D:1:      lemuel_arrival_room, layout_loops_ring, kennysheep_minor_cross
D:2:      layout_loops_corners, minivault_25
D:3:      layout_loops_ring, minivault_14, minmay_puff
D:4:      layout_basic, nicolae_overflow_crystal_walls

Skill      XL: |  1  2  3  4  5 |
---------------+----------------+-----
Armour         | 3 |  3.8
Fighting       | 4 |  4.7
Dodging        | 2 |  2.3
Shields        | 1 2 |  2.3
Maces & Flails | 4 |  4.3

Action                     |  1- 3 |  4- 6 || total
---------------------------+-------+-------++-------
  Melee: Mace              |   111 |   115 ||   226
         Punch             |     1 |       ||     1
    Use: Scroll            |     7 |     6 ||    13
         Potion            |       |     1 ||     1
 Armour: Animal skin       |     4 |       ||     4
         Leather armour    |     3 |       ||     3
         Scale mail        |    51 |       ||    51
         Chain mail        |       |    94 ||    94
  Dodge: Dodged            |    61 |    53 ||   114
  Block: Buckler           |     2 |    40 ||    42

Table legend: (Time is in decaauts)
 A = Elapsed time spent in this place.
 B = Non-inter-level travel time spent in this place.
 C = Inter-level travel time spent in this place.
 D = Time resting spent in this place.
 E = Time spent auto-exploring this place.
 F = Levels seen in this place.
 G = Mean time per level.
                   A        B        C        D        E       F      G
               +--------+--------+--------+--------+--------+-----+--------+
         Total |   3480 |   3384 |     96 |      7 |   2512 |   4 |  870.0 |
       Dungeon |   3480 |   3384 |     96 |      7 |   2512 |   4 |  870.0 |
               +--------+--------+--------+--------+--------+-----+--------+

Top non-repeatable levels by time:
     D:4: 958 daAuts
     D:2: 906 daAuts
     D:3: 828 daAuts
     D:1: 785 daAuts
